 Dungeon Crawl Stone Soup version 0.30.1-3-gfc49f6343a (webtiles) character file.

Game seed: 13675486097478906093

1080 Peloso the Slasher (level 8, -12/69 HPs)
             Began as a Minotaur Fighter on July 22, 2023.
             Mangled by an ogre
             ... wielding a +0 giant club
              (17 damage)
             ... on level 6 of the Dungeon.
             The game lasted 00:08:00 (5552 turns).

Peloso the Slasher (Minotaur Fighter)               Turns: 5552, Time: 00:08:01

Health: -12/69     AC:  9    Str: 22    XL:     8   Next: 8%
Magic:  7/7        EV: 18    Int:  5    God:
Gold:   246        SH:  0    Dex: 11    Spells: 7/7 levels left

rFire   + + .        a - melded +0 long sword
rCold   + + .        d - melded +0 buckler
rNeg    + + +        c - melded +0 chain mail
rPois   ∞            (helmet currently unavailable)
rElec   +            (cloak currently unavailable)
rCorr   +            (gloves currently unavailable)
SInv    .            (boots currently unavailable)
Will    .....        (amulet currently unavailable)
Stlth   +            (ring currently unavailable)
HPRegen 0.31/turn    (ring currently unavailable)
MPRegen 0.10/turn

%: no passive effects
@: wisp-form, flying
A: insubstantial, flying, no casting, tiny, (horns 2), (retaliatory headbutt)
a: no special abilities


You were on level 6 of the Dungeon.
You were an insubstantial wisp.
You visited 1 branch of the dungeon, and saw 6 of its levels.

You collected 246 gold pieces.

Inventory:

Hand Weapons
 a - a +0 long sword (melded)
Armour
 b - a +0 scale mail of cold resistance
 c - a +0 chain mail (melded)
 d - a +0 buckler (melded)
Jewellery
 l - a ring of willpower
Wands
 k - a wand of mindburst (14)
 p - a wand of iceblast (15)
Scrolls
 e - 3 scrolls of teleportation
 g - a scroll of fog {unknown}
 i - a scroll of poison {unknown}
 j - a scroll of noise {unknown}
 m - a scroll of brand weapon {unknown}
Potions
 f - 2 potions of might
 h - a potion of heal wounds
 n - a potion of flight {unknown}
 o - a potion of magic


   Skills:
 + Level 5.5 Fighting
 + Level 7.9 Long Blades
 + Level 6.5 Armour
 + Level 1.6 Dodging
 + Level 0.3 Stealth
 + Level 5.6 Shields


You had 7 spell levels left.
You didn't know any spells.
Your spell library contained the following spells:

 Spells                   Type           Power      Damage    Failure   Level
 Cigotuvi's Dreadful Rot  Necr/Pois/Air  0%         N/A       63%         2
 Gell's Gravitas          Tloc           0%         N/A       85%         3
 Ignite Poison            Fire/Tmut/Pois 0%         N/A       85%         3
 Teleport Other           Tloc           0%         N/A       85%         3
 Freezing Cloud           Conj/Ice/Air   0%         6-21      100%        5
 Dispersal                Tloc           0%         N/A       100%        6


Dungeon Overview and Level Annotations

Branches:
Dungeon (6/15)
 Temple: D:4-7

Altars:
Ashenzari
Fedhas
Gozag
Hepliaklqana
Xom
Zin

Annotations:
D:6 Edmund


Innate Abilities, Weirdness & Mutations

You are an insubstantial wisp.
Your tiny insubstantial body is highly resistant to most damage types.
You are flying.
Your equipment is entirely melded.
You are incapable of wielding weapons or throwing items.
You cannot cast spells.
((You have a pair of horns on your head.))
((You reflexively headbutt those who attack you in melee.))


Message History

The ogre closely misses you. Edmund hits you but does no damage.
Unknown command.
You touch Edmund.
Edmund is almost dead.
Edmund hits you but does no damage. The ogre closely misses you.
Unknown command.
You touch Edmund but do no damage.
Edmund is almost dead.
Unknown command.
You touch Edmund but do no damage.
Edmund is almost dead.
Edmund barely misses you. The ogre closely misses you.
Unknown command.
You touch Edmund!
Edmund is almost dead.
Edmund hits you with a +3 flail of protection.
* * * LOW HITPOINT WARNING * * *
Unknown command.
You touch Edmund but do no damage.
Edmund is almost dead.
Edmund hits you with a +3 flail of protection.
* * * LOW HITPOINT WARNING * * *
The ogre closely misses you.
Unknown command.
You feel much better.
Edmund hits you with a +3 flail of protection!
* * * LOW HITPOINT WARNING * * *
Unknown command.
You touch Edmund but do no damage.
Edmund is almost dead.
The ogre closely misses you.
Edmund hits you with a +3 flail of protection.
* * * LOW HITPOINT WARNING * * *
Unknown command.
You touch Edmund but do no damage.
Edmund is almost dead.
Edmund hits you with a +3 flail of protection.
* * * LOW HITPOINT WARNING * * *
The ogre hits you with a +0 giant club!
You die...

######...............
....................
....................
..#.#.#####)####.##
#.#.......<[####.#
#.###.#####......##
######..........>.###...
......@O##......### #...
....$..v##......# #...
....?....+......# #...
........##......# #...
........###.....# #...
........# #.....# #...
........# #.....# #...
........# #######
###......


You could see Edmund and an ogre.

Vanquished Creatures
  2 black bears
  An ogre (D:5)
  A centaur (D:5)
  2 scorpions
  3 wights
  3 hounds
  2 orc priests
  A sleepcap (D:5)
  2 iguanas (D:5)
  An orc wizard (D:3)
  9 adders
  A shadow imp (D:6)
  A white imp (D:6)
  A dart slug (D:1)
  17 orcs
  12 endoplasms
  2 giant cockroaches
  7 goblins
  12 hobgoblins
  4 quokkas
  6 ball pythons
  3 bats
  2 frilled lizards (D:1)
  3 kobolds
  7 rats
105 creatures vanquished.

Notes
Turn   | Place    | Note
-------+----------+-------------------------------------------
     0 | D:1      | Peloso the Minotaur Fighter began the quest for the Orb.
     0 | D:1      | Reached XP level 1. HP: 19/19 MP: 0/0
   101 | D:1      | Reached XP level 2. HP: 24/27 MP: 1/1
  1144 | D:2      | Reached XP level 3. HP: 32/33 MP: 2/2
  1222 | D:2      | Reached skill level 3 in Long Blades
  1853 | D:3      | Reached XP level 4. HP: 40/40 MP: 3/3
  2162 | D:3      | Found a glowing silver altar of Zin.
  2228 | D:3      | Found a faded altar of an unknown god.
  2745 | D:4      | Reached XP level 5. HP: 45/46 MP: 4/4
  2759 | D:4      | Reached skill level 1 in Dodging
  2801 | D:4      | Reached skill level 4 in Long Blades
  2816 | D:4      | Noticed a black bear
  2821 | D:4      | Reached skill level 5 in Shields
  2830 | D:4      | Killed a black bear
  2831 | D:4      | Reached XP level 6. HP: 15/53 MP: 5/5
  2841 | D:4      | Reached skill level 5 in Long Blades
  3234 | D:4      | Reached skill level 5 in Armour
  3489 | D:4      | Found a blossoming altar of Fedhas.
  3536 | D:4      | Found a shimmering altar of Xom.
  3753 | D:5      | Entered Level 5 of the Dungeon
  3762 | D:5      | Found a hazy altar of Hepliaklqana.
  3800 | D:5      | Reached skill level 6 in Long Blades
  3800 | D:5      | Reached XP level 7. HP: 28/60 MP: 6/6
  4346 | D:5      | Found an opulent altar of Gozag.
  4890 | D:5      | Reached skill level 7 in Long Blades
  5201 | D:5      | Reached skill level 5 in Fighting
  5386 | D:6      | Found a broken altar of Ashenzari.
  5412 | D:6      | Reached XP level 8. HP: 65/68 MP: 7/7
  5454 | D:6      | Noticed Edmund
  5552 | D:6      | Mangled by an ogre

Illustrated notes

Levels and vault maps discovered:
D:1:      psy_arrival_statuary, layout_loops_corners
D:2:      layout_basic, minmay_unequal
D:3:      layout_loops_cross, zin_academy, nicolae_ecumenical_lake_church,
          grunt_decor_mini_mirrors
D:4:      layout_cave_pools, mainiacjoe_overflow_paths,
          nicolae_overflow_crystal_walls, serial_park, serial_park_tiny_2,
          serial_park_square1 [serial_park_minivault_5x5_3], serial_park_tiny_1
D:5:      layout_rooms, hangedman_feature_mirror, hangedman_glass_teeth,
          chequers_big_river, hangedman_decor_diamond_cutter
D:6:      layout_basic, kennysheep_mini, uniq_edmund

Skill      XL: |  1  2  3  4  5  6  7 |
---------------+----------------------+-----
Shields        | 4 5 |  5.6
Fighting       | 4 5 |  5.5
Armour         | 4 5 6 |  6.5
Long Blades    | 3 4 6 7 |  7.9
Dodging        | 1 |  1.6
Stealth        | |  0.3

Action                     |  1- 3 |  4- 6 |  7- 9 || total
---------------------------+-------+-------+-------++-------
  Melee: Long sword        |    86 |   133 |    91 ||   310
         Headbutt          |    12 |    21 |    18 ||    51
         Unarmed           |       |       |    12 ||    12
    Use: Potion            |     2 |     2 |     1 ||     5
         Scroll            |       |     4 |       ||     4
 Armour: Scale mail        |    15 |       |       ||    15
         Chain mail        |    27 |    96 |    46 ||   169
         Skin              |       |       |     3 ||     3
  Dodge: Dodged            |    38 |    41 |    55 ||   134
  Block: Buckler           |    16 |    36 |    26 ||    78
